 Dungeon Crawl Stone Soup version 0.23-a0-639-ga9a3373 (console) character file.

87 Duffy the Conjurer (level 4, 27/30 HPs)
             Began as a Demonspawn Fire Elementalist on Dec 29, 2018.
             Quit the game on level 2 of the Dungeon.
             The game lasted 00:02:51 (2665 turns).

Duffy the Conjurer (Demonspawn Fire Elementalist)   Turns: 2665, Time: 00:02:52

Health: 27/30      AC:  5    Str:  8    XL:     4   Next: 28%
Magic:  2/7        EV: 12    Int: 17    God:
Gold:   109        SH:  0    Dex: 14    Spells: 4/8 levels left

rFire    . . .     SeeInvis +   i - +1 dagger (protect)
rCold    . . .     Gourm    .   (no shield)
rNeg     . . .     Faith    .   a - +0 robe
rPois    .         Spirit   +   n - +0 helmet
rElec    .         Reflect  .   (no cloak)
rCorr    .         Harm     .   (no gloves)
MR       .....                  (no boots)
Stlth    ++........             (no amulet)
HPRegen  0.10/turn              b - ring of see invisible
MPRegen  0.10/turn              (no ring)

@: no status effects
A: iridescent scales 1, magic shield
a: no special abilities


You were on level 2 of the Dungeon.
You were not hungry.

You visited 1 branch of the dungeon, and saw 3 of its levels.

You collected 109 gold pieces.

Inventory:

Hand Weapons
 d - a +0 short sword
 i - a +1 dagger of protection (weapon)
Armour
 a - a +0 robe (worn)
 g - a +0 shield
 n - a +0 helmet (worn)
Jewellery
 b - a ring of see invisible (left hand)
Scrolls
 f - a scroll of identify {unknown}
 j - a scroll of remove curse
 r - a scroll of teleportation {unknown}
Potions
 e - a potion of haste {unknown}
 h - a potion of invisibility {unknown}
 k - a potion of heal wounds {unknown}
 l - a potion of berserk rage {unknown}
 o - a potion of cancellation {unknown}
 p - a potion of curing {unknown}
 q - a potion of brilliance {unknown}
Comestibles
 c - 6 rations
 m - a chunk of flesh


   Skills:
 - Level 1.7 Dodging
 - Level 1.7 Stealth
 + Level 2.5 Spellcasting
 + Level 3.2 Conjurations
 + Level 3.2 Fire Magic


You had 4 spell levels left.
You knew the following spells:

 Your Spells              Type           Power        Failure   Level  Hunger
h - Flame Tongue          Conj/Fire      ##...        4%          1    #......
l - Conjure Flame         Conj/Fire      ##......     14%         3    ###....

Your spell library contained the following spells:

 Spells                   Type           Power        Failure   Level  Hunger
 Throw Flame              Conj/Fire      ##....       8%          2    ##.....
 Inner Flame              Hex/Fire       #.......     28%         3    ###....
 Sticky Flame             Conj/Fire      ##......     43%         4    #####..
 Fireball                 Conj/Fire      ##........   80%         5    ######.


Dungeon Overview and Level Annotations

Branches:
Dungeon (3/15)

Altars:
Elyvilon
Makhleb
Qazlal


Innate Abilities, Weirdness & Mutations

You are partially covered in iridescent scales. (AC +2)
When hurt, damage is shared between your health and your magic reserves.


Message History

You kill the rat!
Casting: Flame Tongue (safe; 4% risk of failure)
Confirm with . or Enter, or press ? or * to list all spells.
You don't have enough magic to cast that spell.
The frilled lizard bites you but does no damage.
Items here: %% ( ) a +1 hunting sling of freezing; 21 stones; 3 chunks of flesh; a goblin skeleton You completely miss the frilled lizard.
The frilled lizard closely misses you.
A goblin comes into view.
You barely miss the frilled lizard. The frilled lizard bites you.
You hit the frilled lizard.
Your weapon exudes an aura of protection.
You kill the frilled lizard!
You see here a frilled lizard corpse.
You are feeling hungry.
Eating one of 2 chunks of flesh.
You eat one of the 2 chunks of flesh.
This raw flesh tastes terrible.
A bat comes into view.
The bat moves out of view.
Are you sure you want to abandon this character and quit the game? (Confirm

#
#.#.#...%)....#.#.##
#
#.#.#.###.###.#.###
8# ....#<# #.....#.#
.# ##.###.#
#..#..#.# ._# #.#
#.####.#..#.# .##
#.###.#.(..#....# 8#
#......)#######.#
#.###.#)........#
#.....@%......###
#.###.####....# #.#
#.$.# ... .#.# .#.#
. # ..... # .# #.#
.. ..


There were no monsters in sight!

Vanquished Creatures
  Robin (D:3)
  An adder (D:2)
  A dart slug (D:1)
  3 leopard geckos (D:2)
  4 bats
  4 giant cockroaches
  17 goblins
  12 hobgoblins
  2 jackals (D:3)
  2 frilled lizards (D:2)
  4 kobolds
  3 rats
54 creatures vanquished.

Notes
Turn   | Place    | Note
-------+----------+-------------------------------------------
     0 | D:1      | Duffy the Demonspawn Fire Elementalist began the quest for
                  | the Orb.
     0 | D:1      | Reached XP level 1. HP: 13/13 MP: 3/3
   736 | D:1      | Gained mutation: You are partially covered in iridescent
                  | scales. (AC +2) [demonic ancestry]
   736 | D:1      | Reached XP level 2. HP: 18/19 MP: 0/5
  1614 | D:2      | Reached XP level 3. HP: 21/24 MP: 1/6
  1768 | D:2      | Learned a level 3 spell: Conjure Flame
  1966 | D:2      | Noticed Robin
  2191 | D:3      | Killed Robin
  2191 | D:3      | Gained mutation: When hurt, damage is shared between your
                  | health and your magic reserves. [demonic ancestry]
  2191 | D:3      | Reached XP level 4. HP: 29/30 MP: 3/7
  2454 | D:2      | Found a stormy altar of Qazlal.
  2455 | D:2      | Found a burning altar of Makhleb.
  2458 | D:2      | Found a white marble altar of Elyvilon.
  2665 | D:2      | Quit the game

Vault maps used:
D:1:      psy_arrival_whirlpool
D:2:      nicolae_overflow_hidden_temple, st_stairs_11, roderic_st_hans_cross,
          minivault_14, uniq_robin
D:3:      grunt_temple_overflow_open, uniq_sigmund

Skill      XL: |  1  2  3 |
---------------+----------+-----
Conjurations   | 2 3 |  3.2
Fire Magic     | 3 |  3.2
Dodging        | |  1.7
Stealth        | |  1.7
Spellcasting   | |  2.5

Action                   |  1- 3 |  4- 6 || total
-------------------------+-------+-------++-------
Melee: Short sword       |    23 |       ||    23
       Dagger            |     9 |    12 ||    21
 Cast: Flame Tongue      |    67 |    24 ||    91
  Use: Scroll            |     1 |       ||     1
 Stab: Sleeping          |     1 |       ||     1
  Eat: Chunk             |     5 |     2 ||     7
Armor: Robe              |    17 |     9 ||    26
Dodge: Dodged            |    48 |    16 ||    64

Table legend:
 A = Non-vault XP
 B = Vault XP
 C = Vault XP percentage of total XP
 D = Non-vault monster count
 E = Vault monster count
 F = Vault count percentage of total count
                 A         B        C        D         E       F
            +---------+---------+-------+---------+---------+-------
      Total |      87 |      38 |  30.4 |      40 |      14 |  25.9
            +---------+---------+-------+---------+---------+-------
        D:1 |      38 |       0 |   0.0 |      20 |       0 |   0.0
        D:2 |      42 |      20 |  32.3 |      16 |      11 |  40.7
        D:3 |       7 |      18 |  72.0 |       4 |       3 |  42.9
            +---------+---------+-------+---------+---------+-------
